Map: Vaani Research Station (Void)

Players

IIIIIIIIIIII - Winner!

  • Race: Terran Terran
  • League: Diamond
  • Spawn Location: 6:00

Emil

  • Race: Zerg Zerg
  • League: Diamond
  • Spawn Location: 12:00

VOD

Have the link to the VOD?

Description

Time

  • Played on: Nov. 28, 2016, 9:01 a.m.
  • Length: 15:28
Show
View Real Time Build Order
Export as new Build Order

IIIIIIIIIIII Terran - Winner!

Build Orders: Command Center First (CC), Bio Tank 

Get SALT Encoding   

  12  0:01  SCV  
  13  0:13  SCV  
  14  0:18  Supply Depot  
  14  0:25  SCV  
  15  0:40  SCV  
  16  0:52  SCV  
  17  1:02  Command Center  
  17  1:06  SCV  
  18  1:15  Barracks  
  18  1:21  Refinery  
  18  1:23  SCV  
  19  1:36  SCV  
  20  1:48  SCV  
  21  2:03  Orbital Command, Marine  
  21  2:04  Supply Depot  
  22  2:20  Orbital Command  
  22  2:28  Factory  
  22  2:29  Marine  
  23  2:30  SCV  
  24  2:43  SCV  
  25  2:45  Barracks  
  25  2:50  Barracks Reactor  
  25  2:51  SCV  
  26  2:56  Barracks  
  26  2:59  SCV  
  26  3:04  Refinery, SCV  
  28  3:13  SCV  
  28  3:23  Bunker  
  28  3:26  SCV  
  29  3:27  SCV  
  29  3:29  Marine x2  
  29  3:33  Factory Tech Lab  
  29  3:34  Marine  
  33  3:36  Bunker  
  33  3:39  SCV  
  34  3:42  Supply Depot  
  34  3:46  Marine, SCV  
  34  3:48  Marine x2  
  38  3:53  Siege Tank  
  41  3:59  Barracks Tech Lab, SCV  
  41  4:02  SCV  
  43  4:05  Refinery  
  43  4:11  SCV  
  43  4:14  Starport  
  43  4:15  Marine  
  43  4:16  Marine  
  46  4:18  SCV  
  46  4:21  Stimpack  
  46  4:23  Supply Depot  
  49  4:38  Siege Tank  
  49  4:39  Marine  
  49  4:41  SCV  
  51  4:47  Supply Depot  
  51  4:53  Marine x2  
  51  4:54  Medivac  
  54  5:02  SCV  
  54  5:05  Supply Depot, Marine x2  
  57  5:10  Barracks  
  57  5:11  Marine  
  58  5:21  Marine  
  59  5:22  Siege Tank  
  59  5:23  SCV, Marine  
  59  5:26  Supply Depot, SCV  
  65  5:28  Marine  
  65  5:29  Medivac  
  65  5:35  SCV  
  69  5:46  Marine x2  
  71  5:52  Marine  
  72  5:58  Command Center, Engineering Bay  
  72  5:59  Engineering Bay  
  72  6:05  Barracks Reactor  
  72  6:06  Starport Reactor, SCV  
  72  6:09  SCV  
  74  6:11  Refinery  
  74  6:21  Marine  
  74  6:22  Combat Shields  
  74  6:23  SCV  
  74  6:24  Terran Infantry Weapons Level 1  
  74  6:25  Terran Infantry Armor Level 1  
  75  6:45  Marine x2  
  75  6:46  Marine  
  75  6:47  Siege Tank  
  72  7:00  Marine  
  63  7:18  Marine x2  
  63  7:20  Siege Tank  
  63  7:21  Medivac x2  
  63  7:22  Orbital Command  
  72  7:26  Marine  
  72  7:27  Marine  
  72  7:29  Barracks Reactor  
  75  7:30  Barracks, SCV  
  75  7:34  Command Center  
  75  7:42  Marine  
  76  7:44  Marine x3  
  76  7:45  Marine  
  76  7:46  Orbital Command  
  80  7:52  Siege Tank  
  83  8:00  Marine  
  83  8:02  Marine x3  
  83  8:03  Marine  
  88  8:09  Marine  
  88  8:10  Marine  
  90  8:17  Marine  
  90  8:18  Marine  
  90  8:19  SCV  
  93  8:20  Marine x4  
  93  8:23  Widow Mine  
  96  8:39  Marine x3  
  96  8:40  Marine, Barracks Tech Lab  
  96  8:41  Marine  
  101  8:45  Medivac x2  
  101  8:46  Orbital Command  
  105  8:51  Supply Depot x2  
  105  8:53  Siege Tank  
  106  9:17  SCV x2  
  106  9:18  SCV  
  109  9:25  Reaper  
  109  9:26  Siege Tank  
  109  9:27  Factory  
  109  9:28  Marine x3  
  109  9:29  Refinery, SCV  
  116  9:32  Refinery  
  116  9:33  Marine x2  
  116  9:35  SCV  
  116  9:36  SCV  
  119  9:41  SCV  
  117  9:53  Marine  
  117  9:58  Marine x2  
  117  9:59  Medivac  
  85  10:00  Medivac  
  102  10:07  Marine x3  
  102  10:10  SCV  
  105  10:22  Marine x2  
  105  10:27  Factory Tech Lab  
  106  10:31  Armory  
  105  10:38  Marine x2  
  105  10:39  SCV, Marine  
  101  10:51  Liberator x2  
  101  10:54  Marine  
  101  10:55  Siege Tank  
  66  10:59  Siege Tank  
  66  11:02  Marine  
  66  11:03  Factory  
  61  11:10  SCV  
  68  11:12  Planetary Fortress  
  69  11:18  SCV  
  69  11:21  SCV  
  70  11:28  Marine  
  70  11:29  Widow Mine, Marine x2  
  70  11:31  Drilling Claws  
  75  11:36  Siege Tank, Liberator x2  
  78  11:42  SCV  
  78  11:43  SCV x2  
  81  11:48  Marine x2  
  81  11:49  Marine  
  81  11:54  Terran Infantry Weapons Level 2  
  90  11:55  Barracks  
  90  11:57  Barracks  
  90  11:58  Barracks  
  90  12:01  Refinery  
  90  12:02  Refinery  
  90  12:07  Command Center  
  85  12:17  Marine  
  85  12:18  Marine x2  
  85  12:20  Marine  
  88  12:23  Missile Turret  
  88  12:29  Marine  
  89  12:30  Terran Infantry Armor Level 2  
  89  12:31  Terran Vehicle Weapons Level 1  
  89  12:37  Marine, Missile Turret  
  89  12:52  Widow Mine, Marine  
  89  12:53  Widow Mine x2  
  89  12:54  Marine  
  93  13:12  Marine  
  87  13:14  Marine  
  84  13:21  Widow Mine  
  84  13:22  Siege Tank, Marine  
  81  13:32  Marine  
  81  13:33  Widow Mine  
  80  13:38  Marine  
  80  13:39  Marine x8  
  80  13:40  Marine  
  81  13:50  Marine  
  81  13:54  Siege Tank x2  
  87  13:56  Marine x4  
  87  13:57  Marine  
  89  14:06  Marine  
  90  14:10  Marine  
  91  14:21  Widow Mine, Marine  
  94  14:26  Siege Tank  
  94  14:27  Siege Tank  
  94  14:28  Liberator x2  
  100  14:41  Marine  
  100  14:44  Marine  
  108  14:54  Marine  
  112  15:10  Marine  
Show
View Real Time Build Order
Export as new Build Order

Emil Zerg 

Build Orders: Hatch First 

Get SALT Encoding   

  12  0:07  Drone  
  12  0:08  Drone  
  14  0:18  Overlord  
  14  0:36  Drone  
  14  0:37  Drone  
  14  0:40  Drone  
  17  0:57  Hatchery  
  16  1:09  Spawning Pool  
  15  1:13  Drone  
  15  1:16  Drone  
  17  1:20  Drone  
  17  1:22  Extractor  
  17  1:25  Drone  
  18  1:38  Drone  
  19  1:45  Drone  
  20  2:04  Drone  
  20  2:08  Queen  
  21  2:14  Extractor  
  22  2:26  Roach Warren  
  22  2:28  Drone x2  
  23  2:54  Overlord  
  23  3:08  Roach  
  23  3:09  Roach  
  27  3:13  Roach x4  
  35  3:21  Overlord  
  35  3:28  Drone  
  36  3:35  Hatchery  
  35  3:48  Ravager x2  
  37  3:56  Drone x5  
  37  3:57  Drone x2  
  37  4:02  Extractor  
  43  4:05  Overlord  
  43  4:12  Drone  
  44  4:23  Queen x2  
  48  4:30  Drone x6  
  52  4:48  Overlord  
  52  4:49  Drone x4  
  52  4:52  Ravager x2  
  58  4:59  Overlord  
  58  5:02  Extractor  
  58  5:03  Extractor  
  56  5:08  Baneling Nest, Drone x3  
  58  5:25  Metabolic Boost  
  58  5:26  Drone  
  58  5:27  Drone x5  
  64  5:39  Evolution Chamber  
  64  5:40  Drone  
  64  5:41  Drone x5  
  64  5:42  Overlord  
  69  5:53  Lair  
  69  5:54  Zergling x2  
  69  5:55  Zergling x4  
  72  6:02  Overlord x2  
  72  6:05  Drone  
  72  6:07  Spore Crawler  
  72  6:08  Zergling x2  
  73  6:11  Ravager  
  73  6:13  Zergling x2  
  73  6:14  Baneling x2  
  75  6:18  Zerg Ground Armor Level 1  
  75  6:19  Zergling x2  
  76  6:26  Zergling x2  
  76  6:27  Zergling x14  
  80  6:42  Roach x4  
  80  6:43  Roach  
  77  7:01  Zergling x16  
  59  7:17  Zergling x2  
  59  7:18  Zergling x4, Queen x2  
  59  7:20  Centrifical Hooks  
  59  7:22  Zergling x2  
  67  7:23  Zergling x8, Queen  
  67  7:29  Spore Crawler  
  72  7:34  Drone  
  72  7:36  Extractor  
  72  7:38  Extractor  
  72  7:42  Baneling x2  
  72  7:43  Drone  
  72  7:44  Drone x3  
  75  7:54  Queen  
  75  7:55  Drone x7  
  75  7:56  Drone  
  85  7:59  Pneumatized Carapace  
  85  8:15  Drone  
  81  8:28  Queen  
  81  8:29  Queen  
  85  8:36  Drone x4  
  89  8:44  Spire, Drone  
  89  8:46  Overlord x3  
  89  8:48  Zerg Melee Weapons Level 1  
  87  9:11  Baneling x5  
  87  9:16  Zergling x8  
  87  9:17  Zergling x14  
  98  9:24  Infestation Pit  
  96  9:38  Zergling x10  
  96  9:39  Zergling x8  
  96  9:45  Zergling x2  
  103  9:46  Zergling x6  
  97  10:10  Zergling x26  
  97  10:11  Zergling x2  
  97  10:13  Baneling  
  97  10:14  Baneling x27  
  110  10:15  Overseer  
  110  10:16  Overseer  
  110  10:23  Baneling x14  
  110  10:24  Baneling x6  
  110  10:25  Zergling x6  
  110  10:31  Spore Crawler  
  93  10:56  Zergling x24  
  93  10:57  Zergling x2  
  83  11:24  Hatchery  
  82  11:26  Mutalisk x6  
  94  11:35  Baneling  
  94  11:36  Baneling x4  
  94  11:45  Mutalisk  
  93  11:48  Hatchery  
  93  11:52  Drone x10  
  100  12:18  Zergling x2  
  100  12:19  Zergling x22, Extractor  
  110  12:25  Overlord x4  
  110  12:41  Overlord x2  
  110  12:46  Mutalisk x7  
  110  12:48  Baneling  
  123  12:51  Baneling  
  123  12:52  Baneling  
  123  12:56  Baneling  
  123  12:57  Zergling x2  
  123  12:58  Zergling x10  
  96  13:25  Zergling x2  
  96  13:26  Zergling x26  
  93  13:28  Queen x2  
  93  13:29  Queen x2  
  88  13:37  Zergling x10  
  80  13:58  Drone  
  80  13:59  Drone x6  
  86  14:04  Queen  
  83  14:24  Mutalisk  
  83  14:25  Mutalisk x5  
  83  14:27  Baneling  
  94  14:34  Zergling x2  
  94  14:35  Zergling x16  
  103  14:53  Zergling x2  
  103  14:54  Zergling x14  
  108  15:00  Baneling x2  
  108  15:01  Baneling x8  
Tags
 
Add a new tag
Caveats
  • Supply blocks, unpowered buildings, or Contaminate may cause inaccurate times.
  • Supply counts are checked every 10 seconds.